 Dungeon Crawl Stone Soup version 0.26-a0-466-g989023bd0d (webtiles) character file.

Game seed: 3673139735754827084

60 Ishchenko the Slasher (level 4, 0/35 HPs)
             Began as a Human Berserker on July 29, 2020.
             Was a Follower of Trog.
             Slain by a jackal (3 damage)
             ... on level 2 of the Dungeon.
             The game lasted 00:02:05 (1391 turns).

Ishchenko the Slasher (Human Berserker)             Turns: 1391, Time: 00:02:06

Health: 0/35       AC:  2    Str: 18    XL:     4   Next: 25%
Magic:  4/4        EV: 12    Int:  8    God:    Trog [*.....]
Gold:   76         SH:  0    Dex: 12    Spells: 3/3 levels left

rFire    . . .     SeeInvis .   a - +0 falchion
rCold    . . .     Faith    .   (no shield)
rNeg     . . .     Spirit   .   b - +0 animal skin
rPois    .         Reflect  .   (no helmet)
rElec    .         Harm     .   (no cloak)
rCorr    .                      (no gloves)
MR       .....                  (no boots)
Stlth    +++.......             (no amulet)
HPRegen  0.11/turn              g - ring of stealth
MPRegen  0.09/turn              (no ring)

@: lethally poisoned (0 -> -10), berserk cooldown, slowed, very slow
A: no striking features
a: Berserk, Renounce Religion


You were on level 2 of the Dungeon.
You worshipped Trog.
Trog was aware of your devotion.
You visited 1 branch of the dungeon, and saw 2 of its levels.

You collected 76 gold pieces.

Inventory:

Hand Weapons
 a - a +0 falchion (weapon)
Armour
 b - a +0 animal skin (worn)
Jewellery
 g - a ring of stealth (left hand)
Scrolls
 c - a scroll of identify {unknown}
 d - a scroll of fear {unknown}
 f - a scroll of enchant armour {unknown}
Potions
 e - a potion of magic {unknown}


   Skills:
 + Level 3.5 Fighting
 + Level 4.0 Long Blades
 + Level 2.1 Armour
 + Level 2.1 Dodging
 + Level 1.0 Stealth


You had 3 spell levels left.
You didn't know any spells.
Your spell library was empty.

Dungeon Overview and Level Annotations

Branches:
Dungeon (2/15)

Altars:


Message History

You kill the jackal!
Trog accepts your kill.
* * * LOW HITPOINT WARNING * * *
You feel sick. The jackal barely misses you.
You closely miss the jackal.
* * * LOW HITPOINT WARNING * * *
You feel sick. The jackal barely misses you. The jackal closely misses you.
You riposte.
You miss the jackal. You barely miss the jackal.
You are no longer berserk.
You are exhausted.
You feel yourself slow down. The jackal bites you.
* * * LOW HITPOINT WARNING * * *
The jackal closely misses you.
You riposte.
You barely miss the jackal. You barely miss the jackal.
* * * LOW HITPOINT WARNING * * *
You feel sick.
The jackal bites you but does no damage.
The jackal bites you.
You die...

#.#.###..###.###.######
#...........†.....#
#####.####.......##.#
#........#.#####.# .# #
#.###.##.#.# .# .# ##
#....#.# .# ##.
#....#.# . ##..
<..#...h#.##.#... #...
.........@h....... +...
##...##.#.#.##.#.. #...
#........#... #..
######.######.# ##. #.#
# ## #.# # #.# #


You could see 2 jackals.

Vanquished Creatures
  3 adders (D:2)
  2 oozes (D:1)
  A worm (D:2)
  4 bats
  2 goblins (D:1)
  2 hobgoblins (D:1)
  A jackal (D:2)
  A quokka (D:2)
  2 frilled lizards
  4 kobolds (D:1)
  3 rats
25 creatures vanquished.

Notes
Turn   | Place    | Note
-------+----------+-------------------------------------------
     0 | D:1      | Ishchenko the Human Berserker began the quest for the Orb.
     0 | D:1      | Reached XP level 1. HP: 18/18 MP: 1/1
   443 | D:1      | Reached XP level 2. HP: 24/24 MP: 2/2
   773 | D:1      | Reached XP level 3. HP: 18/29 MP: 3/3
  1270 | D:2      | Reached skill level 1 in Stealth
  1377 | D:2      | Reached XP level 4. HP: 26/35 MP: 4/4
  1385 | D:2      | Reached skill level 4 in Long Blades
  1391 | D:2      | Slain by a jackal

Illustrated notes

Levels and vault maps discovered:
D:1:      psy_arrival_heroes, layout_loops_ring
D:2:      layout_loops_corners

Skill      XL: |  1  2  3  4 |
---------------+-------------+-----
Stealth        | 1 |  1.0
Long Blades    | 4 |  4.0
Fighting       | |  3.5
Armour         | |  2.1
Dodging        | |  2.1

Action                   |  1- 3 |  4- 6 || total
-------------------------+-------+-------++-------
Melee: Falchion          |    59 |    13 ||    72
Invok: Berserk           |     1 |       ||     1
 Stab: Sleeping          |     2 |       ||     2
Armor: Animal skin       |    15 |     2 ||    17
Dodge: Dodged            |    40 |     7 ||    47
       Rpst.: Falchion   |    17 |     3 ||    20

Table legend: (Time is in decaauts)
 A = Elapsed time spent in this place.
 B = Non-inter-level travel time spent in this place.
 C = Inter-level travel time spent in this place.
 D = Time resting spent in this place.
 E = Time spent auto-exploring this place.
 F = Levels seen in this place.
 G = Mean time per level.
                   A        B        C        D        E       F      G
               +--------+--------+--------+--------+--------+-----+--------+
         Total |   1394 |   1392 |      2 |    374 |    845 |   2 |  697.0 |
       Dungeon |   1394 |   1392 |      2 |    374 |    845 |   2 |  697.0 |
               +--------+--------+--------+--------+--------+-----+--------+

Top non-repeatable levels by time:
     D:1: 1058 daAuts
     D:2: 335 daAuts
